 Dungeon Crawl Stone Soup version 0.26-a0-753-g4680b4fa2e (webtiles) character file.

Game seed: 3786364240847837106

205 Forecaster the Stinger (level 5, 0/43 HPs)
             Began as a Naga Venom Mage on Nov 7, 2020.
             Succumbed to an adder's poison
             ... on level 2 of the Dungeon.
             The game lasted 00:05:53 (2341 turns).

Forecaster the Stinger (Naga Venom Mage)            Turns: 2341, Time: 00:05:53

Health: 0/43       AC:  3    Str: 10    XL:     5   Next: 83%
Magic:  0/9        EV: 10    Int: 17    God:
Gold:   161        SH:  0    Dex: 11    Spells: 6/9 levels left

rFire    . . .     SeeInvis +   o - +0 scythe
rCold    . . .     Faith    .   (shield currently unavailable)
rNeg     . . .     Spirit   +   b - +0 robe
rPois    +         Reflect  .   (no helmet)
rElec    .         Harm     .   q - +0 cloak
rCorr    .         Rampage  .   (no gloves)
MR       .....                  (no barding)
Stlth    ++........             p - amulet of guardian spirit
HPRegen  0.14/turn              (no ring)
MPRegen  0.11/turn              (no ring)

@: lethally poisoned (0 -> -9), very slow
A: large, see invisible, deformed body, poison resistance, slowness 2, spit
poison 1, AC +1
a: Spit Poison


You were on level 2 of the Dungeon.
You visited 1 branch of the dungeon, and saw 2 of its levels.

You collected 161 gold pieces.

Inventory:

Hand Weapons
 e - a +0 club
 h - a +0 hunting sling
 o - a +0 scythe (weapon)
Armour
 a - a +0 robe
 b - a +0 robe (worn)
 c - a +1 leather armour of poison resistance
 l - a +0 ring mail of cold resistance
 q - a +0 cloak (worn)
Jewellery
 p - an amulet of guardian spirit (around neck)
Scrolls
 g - 2 scrolls of teleportation {unknown}
 i - a scroll of remove curse {unknown}
 j - 2 scrolls of fog {unknown}
 m - 3 scrolls of identify {unknown}
Potions
 d - a potion of flight {unknown}
 f - a potion of curing {unknown}
 k - a potion of mutation {unknown}
 n - a potion of berserk rage {unknown}
 r - 2 potions of might {unknown}
 s - 2 potions of lignification {unknown}


   Skills:
 + Level 0.4 Fighting
 + Level 0.4 Maces & Flails
 + Level 1.6 Armour
 + Level 2.1 Dodging
 + Level 3.1 Stealth
 + Level 0.5 Unarmed Combat
 + Level 2.8 Spellcasting
 + Level 1.1 Transmutations
 + Level 1.9 Air Magic
 + Level 5.4 Poison Magic


You had 6 spell levels left.
You knew the following spells:

 Your Spells              Type           Power        Failure   Level
a - Sting                 Tmut/Pois      ##..         4%          1
b - Poisonous Vapours     Pois/Air       ##....       6%          2

Your spell library contained the following spells:

 Spells                   Type           Power        Failure   Level
 Mephitic Cloud           Conj/Pois/Air  ##......     19%         3
 Olgreb's Toxic Radiance  Pois           ###.....     19%         4
 Ignite Poison            Fire/Tmut/Pois #.......     22%         3


Dungeon Overview and Level Annotations

Branches:
Dungeon (2/15)

Altars:

Annotations:
D:2 1 runed translucent door, Crazy Yiuf


Innate Abilities, Weirdness & Mutations

You cannot wear boots.
Your serpentine skin is tough. (AC +1)
You have supernaturally acute eyesight. (SInv)
Armour fits poorly on your strangely shaped body.
Your system is resistant to poisons. (rPois)
You cover ground very slowly.
You can spit poison.


Message History

The adder is almost dead.
You feel sick. The adder completely misses you. The adder bites you. x4
You closely miss the adder.
The adder is almost dead.
You feel sick.
The adder looks more healthy.
The adder bites you.
* * * LOW HITPOINT WARNING * * *
The adder barely misses you. x2; The adder completely misses you.
The adder closely misses you.
You miss the adder.
The adder is heavily wounded.
You feel sick. The adder misses you. The adder barely misses you. x2
The adder bites you.
* * * LOW HITPOINT WARNING * * *
You are lethally poisoned!
The adder poisons you! The adder bites you.
* * * LOW HITPOINT WARNING * * *
* * * LOW HITPOINT WARNING * * *
You feel sick. The adder bites you.
* * * LOW HITPOINT WARNING * * *
You die...

##.......# #.# ..
.........#
#.#####.#
##.##.##.#
#.......# .......#
######.####
##...#......# #.#
##(#...#.##.# #.#
.........##.# #.##
.........##.####..#
#####.##........@.#
# ......######..# #
#....# #SS# . ....#
#.......# . ....
#†..#...## ... .(
##!.# .. ##.# #.#
#.#


You could see 2 adders.

Vanquished Creatures
  Sigmund (D:2)
  An adder (D:2)
  A leopard gecko (D:2)
  7 bats
  A giant cockroach (D:1)
  5 hobgoblins
  A jackal (D:1)
  3 ball pythons (D:1)
  3 frilled lizards
  3 goblins
  4 kobolds
  3 rats (D:1)
33 creatures vanquished.

Notes
Turn   | Place    | Note
-------+----------+-------------------------------------------
     0 | D:1      | Forecaster the Naga Venom Mage began the quest for the Orb.
     0 | D:1      | Reached XP level 1. HP: 15/15 MP: 3/3
   367 | D:1      | Reached XP level 2. HP: 22/22 MP: 3/5
   371 | D:1      | Learned a level 2 spell: Poisonous Vapours
  1421 | D:1      | Reached XP level 3. HP: 28/28 MP: 3/6
  1684 | D:2      | Noticed Sigmund
  1695 | D:2      | Killed Sigmund
  1695 | D:2      | Reached skill level 1 in Armour
  1695 | D:2      | Reached skill level 1 in Air Magic
  1695 | D:2      | Reached skill level 5 in Poison Magic
  1695 | D:2      | Reached XP level 4. HP: 14/37 MP: 1/8
  1695 | D:2      | Reached XP level 5. HP: 16/43 MP: 1/9
  2066 | D:2      | Found a runed translucent door.
  2067 | D:2      | Noticed Crazy Yiuf
  2340 | D:2      | HP: 2/43 [adder (2)]
  2341 | D:2      | Succumbed to an adder's poison

Illustrated notes

Levels and vault maps discovered:
D:1:      grunt_arrival_lava_bath, layout_basic, minmay_small_reverse_x
D:2:      layout_loops_cross, minmay_cupped, uniq_crazy_yiuf_cottage,
          uniq_sigmund

Skill      XL: |  1  2  3 |
---------------+----------+-----
Dodging        | 2 |  2.1
Armour         | 1 |  1.6
Air Magic      | 1 |  1.9
Poison Magic   | 5 |  5.4
Fighting       | |  0.4
Maces & Flails | |  0.4
Stealth        | |  3.1
Unarmed Combat | |  0.5
Spellcasting   | |  2.8
Transmutations | |  1.1

Action                   |  1- 3 |  4- 6 || total
-------------------------+-------+-------++-------
Melee: Unarmed           |    20 |       ||    20
       Club              |    25 |       ||    25
       Scythe            |       |    10 ||    10
 Cast: Sting             |     8 |       ||     8
       Poisonous Vapours |    20 |    13 ||    33
Armor: Leather armour    |    13 |     1 ||    14
       Robe              |       |     6 ||     6
Dodge: Dodged            |    24 |    21 ||    45

Table legend: (Time is in decaauts)
 A = Elapsed time spent in this place.
 B = Non-inter-level travel time spent in this place.
 C = Inter-level travel time spent in this place.
 D = Time resting spent in this place.
 E = Time spent auto-exploring this place.
 F = Levels seen in this place.
 G = Mean time per level.
                   A        B        C        D        E       F      G
               +--------+--------+--------+--------+--------+-----+--------+
         Total |   2787 |   2759 |     28 |    176 |   2278 |   2 | 1393.5 |
       Dungeon |   2787 |   2759 |     28 |    176 |   2278 |   2 | 1393.5 |
               +--------+--------+--------+--------+--------+-----+--------+

Top non-repeatable levels by time:
     D:1: 1945 daAuts
     D:2: 842 daAuts
